 Dungeon Crawl Stone Soup version 0.30-a0-799-g109b55a442 (webtiles) character file.

Game seed: 9853020392193706881

425 bande the Chopper (level 6, -3/39 HPs)
             Began as a Gargoyle Fighter on Feb 21, 2023.
             Slain by a gnoll bouda
             ... wielding a +0 club
              (4 damage)
             ... on level 4 of the Dungeon.
             The game lasted 00:06:04 (3413 turns).

bande the Chopper (Gargoyle Fighter)                Turns: 3413, Time: 00:06:04

Health: -3/39      AC: 13    Str: 20    XL:     6   Next: 96%
Magic:  0/6        EV:  9    Int:  8    God:
Gold:   92         SH:  4    Dex: 11    Spells: 5/5 levels left

rFire   . . .      SeeInvis +    a - +0 war axe (drain)
rCold   . . .      Faith    .    c - +0 buckler
rNeg    + . .      Spirit   +    b - +0 scale mail
rPois   ∞          Reflect  .    (no helmet)
rElec   +          Harm     .    u - +1 cloak
rCorr   .          Rampage  .    (no gloves)
Will    .....                    (no boots) Stlth
                                 g - amulet of guardian spirit
HPRegen 0.26/turn                f - ring of see invisible
MPRegen 0.10/turn                (no ring)

@: weakened
A: sickness immunity, AC +4, negative energy resistance 1, electricity
resistance, torment resistance 1, petrification resistance
a: no special abilities


You were on level 4 of the Dungeon.
You visited 1 branch of the dungeon, and saw 4 of its levels.

You collected 92 gold pieces.

Inventory:

Hand Weapons
 a - a +0 war axe of draining (weapon)
 m - a +0 flail
 n - a +0 war axe
Armour
 b - a +0 scale mail (worn)
 c - a +0 buckler (worn)
 u - a +1 cloak (worn)
Jewellery
 e - an amulet of faith
 f - a ring of see invisible (left hand)
 g - an amulet of guardian spirit (around neck)
Wands
 t - a wand of polymorph (6)
Scrolls
 h - a scroll of amnesia {unknown}
 i - 3 scrolls of identify
 k - a scroll of fog
Potions
 d - a potion of might
 j - 2 potions of curing
 l - a potion of heal wounds
 p - a potion of flight


   Skills:
 + Level 4.6 Fighting
 + Level 5.0 Axes
 + Level 4.3 Armour
 + Level 4.2 Shields


You had 5 spell levels left.
You didn't know any spells.
Your spell library contained the following spells:

 Spells                   Type           Power      Damage    Failure   Level
 Shock                    Conj/Air       0%         1d3       83%         1
 Animate Armour           Summ/Erth      0%         N/A       100%        4
 Blade Hands              Tmut           0%         N/A       100%        5
 Iron Shot                Conj/Erth      0%         9d1       100%        6
 Malign Gateway           Summ/Tloc      0%         N/A       100%        7
 Disjunction              Tloc           0%         N/A       100%        8


Dungeon Overview and Level Annotations

Branches:
Dungeon (4/15)
 Temple: D:4-7

Altars:

Shops:
D:2 ?


Innate Abilities, Weirdness & Mutations

You are immune to sickness and miasma.
Your stone body is resilient. (AC +4)
You are immune to poison.
You resist negative energy. (rN+)
You are resistant to electric shocks. (rElec)
You are resistant to unholy torment.
You are immune to petrification.


Message History

The ball python bites you but does no damage.
The ball python constricts you. The gnoll hits you but does no damage.
The gnoll bouda hits you but does no damage.
The gnoll hits you but does no damage.
You struggle against the net.
The ball python bites you but does no damage. x2
The ball python constricts you.
The gnoll hits you but does no damage. x2
The gnoll bouda barks out a call to the hunt!
The gnoll picks up the pace!
The gnoll hits you from afar with a +0 halberd!
The ball python bites you but does no damage. x2
The ball python constricts you.
You struggle against the net.
The gnoll hits you but does no damage. x2
The gnoll hits you with a +0 club.
The gnoll bouda hits you but does no damage.
The gnoll hits you but does no damage.
The ball python bites you but does no damage. x2
The ball python constricts you.
You rip the net and break free!
The gnoll hits you but does no damage.
The gnoll hits you from afar with a +0 halberd!
The gnoll hits you with a +0 club. The gnoll bouda closely misses you.
The ball python bites you but does no damage.
The ball python bites you. The ball python constricts you.
You block the gnoll's attack.
You escape the ball python's grasp.
The gnoll hits you with a +0 whip. You block the gnoll's attack.
The gnoll hits you with a +0 club.
* * * LOW HITPOINT WARNING * * *
The ball python bites you but does no damage.
The ball python grabs you.
You stop ascending the stairs.
The ball python constricts you. The gnoll hits you but does no damage.
The ball python bites you but does no damage.
You escape the ball python's grasp.
The gnoll completely misses you.
The gnoll hits you from afar with a +0 halberd.
* * * LOW HITPOINT WARNING * * *
The gnoll hits you with a +0 club.
* * * LOW HITPOINT WARNING * * *
The gnoll bouda gazes fiercely through you!
You feel your attacks grow feeble.
The gnoll bouda hits you with a +0 club.
You die...

.. ..#..+######
..# ..........#
..............#
..............#
.....#...(.....
.....g.g.......
......ggg......
.....gS@.......
..#####.S......
##.......
##..... #....
.... ... ..


You could see a gnoll bouda, 4 gnolls, a goblin and 2 ball pythons.

Vanquished Creatures
  An ogre (D:3)
  2 jellies (D:2)
  Crazy Yiuf (D:2)
  13 adders
  A gnoll (D:3)
  A worm (D:2)
  A dart slug (D:1)
  9 orcs (D:3)
  6 ball pythons
  7 bats
  13 endoplasms
  4 giant cockroaches
  7 goblins
  10 hobgoblins
  3 jackals (D:1)
  4 quokkas
  5 frilled lizards
  13 kobolds
  7 rats
108 creatures vanquished.

Vanquished Creatures (others)
  17 fungi (D:2)
  3 toadstools (D:2)
20 creatures vanquished.

Grand Total: 128 creatures vanquished

Notes
Turn   | Place    | Note
-------+----------+-------------------------------------------
     0 | D:1      | bande the Gargoyle Fighter began the quest for the Orb.
     0 | D:1      | Reached XP level 1. HP: 14/14 MP: 1/1
   206 | D:1      | Reached XP level 2. HP: 19/19 MP: 2/2
   314 | D:1      | Got Haguoraq's Dissertation on Angles and Conduction
   362 | D:1      | Reached skill level 2 in Axes
   408 | D:1      | Reached XP level 3. HP: 24/24 MP: 3/3
  1117 | D:2      | Found Nydwuz's Magic Scroll Emporium.
  1289 | D:2      | Reached XP level 4. HP: 27/29 MP: 2/4
  1559 | D:2      | Reached skill level 3 in Axes
  1601 | D:2      | Reached XP level 5. HP: 32/33 MP: 3/5
  1993 | D:2      | Reached skill level 4 in Axes
  2118 | D:2      | Reached XP level 6. HP: 37/38 MP: 4/6
  2218 | D:2      | Found a runed translucent door.
  2219 | D:2      | Noticed Crazy Yiuf
  2231 | D:2      | Killed Crazy Yiuf
  3278 | D:3      | Reached skill level 5 in Axes
  3413 | D:4      | HP: 1/39 [gnoll/+0 club[a gnoll bouda] (2)]
  3413 | D:4      | Slain by a gnoll bouda

Illustrated notes

Levels and vault maps discovered:
D:1:      mrwooster_arrival_statue, layout_basic, st_stairs_8
D:2:      cheibrodos_fertilizer, layout_basic, serial_shops,
          nicolae_square_shop, minmay_snake_closets, uniq_crazy_yiuf_cottage
D:3:      layout_loops_ring
D:4:      layout_layer_cave, mainiacjoe_overflow_swirl, grunt_decor_arrowhead,
          minmay_unequal

Skill      XL: |  1  2  3  4  5  6 |
---------------+-------------------+-----
Axes           | 2 3 4 5 |  5.0
Fighting       | 4 |  4.6
Shields        | 4 |  4.2
Armour         | 4 |  4.3

Action                     |  1- 3 |  4- 6 || total
---------------------------+-------+-------++-------
  Melee: War axe           |   119 |   151 ||   270
         Unarmed           |       |     2 ||     2
    Use: Scroll            |       |    11 ||    11
 Armour: Scale mail        |    81 |    95 ||   176
  Dodge: Dodged            |    67 |    69 ||   136
  Block: Buckler           |    29 |    34 ||    63

Table legend: (Time is in decaauts)
 A = Elapsed time spent in this place.
 B = Non-inter-level travel time spent in this place.
 C = Inter-level travel time spent in this place.
 D = Time resting spent in this place.
 E = Time spent auto-exploring this place.
 F = Levels seen in this place.
 G = Mean time per level.
                   A        B        C        D        E       F      G
               +--------+--------+--------+--------+--------+-----+--------+
         Total |   3520 |   3503 |     17 |    515 |   2146 |   4 |  880.0 |
       Dungeon |   3520 |   3503 |     17 |    515 |   2146 |   4 |  880.0 |
               +--------+--------+--------+--------+--------+-----+--------+

Top non-repeatable levels by time:
     D:2: 1659 daAuts
     D:3: 934 daAuts
     D:1: 915 daAuts
     D:4: 11 daAuts
